 Dungeon Crawl Stone Soup version 0.21.1-1-g345015f (webtiles) character file.

38 goulibeur the Unweaver (level 3, 0/29 HPs)
             Began as a Demonspawn Abyssal Knight on July 16, 2018.
             Was a Follower of Lugonu.
             Slain by a rat (3 damage)
             ... on level 2 of the Dungeon.
             The game lasted 00:02:43 (1262 turns).

goulibeur the Unweaver (Demonspawn Abyssal Knight)  Turns: 1262, Time: 00:02:44

Health: 0/29       AC:  7    Str: 12    XL:     3   Next: 25%
Magic:  5/5        EV: 10    Int: 13    God:    Lugonu [*.....]
Gold:   77         SH:  0    Dex: 13    Spells: 2/2 levels left

rFire    + . .     SeeInvis .   a - +1 short sword
rCold    . . .     Gourm    .   (no shield)
rNeg     . . .     Faith    .   i - +0 ring mail
rPois    .         Spirit   .   h - +0 helmet
rElec    .         Reflect  .   (no cloak)
rCorr    .         Harm     .   e - +0 pair of gloves
MR       .....                  (no boots)
Stlth    ++........             (no amulet)
HPRegen  0.09/turn              (no ring)
MPRegen  0.09/turn              (no ring)

@: no status effects
A: fire resistance 1, nightstalker 1
a: Depart the Abyss, Renounce Religion


You were on level 2 of the Dungeon.
You worshipped Lugonu.
Lugonu was aware of your devotion.
You were not hungry.

You visited 1 branch of the dungeon, and saw 2 of its levels.
You visited the Abyss 1 time.

You collected 77 gold pieces.

Inventory:

Hand Weapons
 a - a +1 short sword (weapon)
Armour
 b - a +0 leather armour
 e - a +0 pair of gloves (worn)
 h - a +0 helmet (worn)
 i - a +0 ring mail (worn)
Scrolls
 d - 3 scrolls of teleportation {unknown}
 g - 3 scrolls of remove curse {unknown}
 k - a scroll of identify {unknown}
 l - a scroll of magic mapping {unknown}
Potions
 j - a potion of haste {unknown}
 m - a potion of heal wounds {unknown}
Comestibles
 c - 4 rations


   Skills:
 + Level 3.3 Fighting
 - Level 1.7 Short Blades
 + Level 2.2 Armour
 + Level 1.4 Dodging
 * Level 3.5 Invocations


You had 2 spell levels left.
You didn't know any spells.

Dungeon Overview and Level Annotations

Branches:
Dungeon (2/15)

Altars:

Annotations:
D:2 Natasha


Innate Abilities, Weirdness & Mutations

Your flesh is heat resistant. (rF+)
You are slightly more attuned to the shadows.


Message History

You hit Natasha but do no damage. Natasha barely misses you.
The rat closely misses you.
You closely miss Natasha. Natasha misses you. The rat barely misses you.
You barely miss Natasha.
Natasha stares at you and mumbles some strange words.
The magic dart hits you! The rat closely misses you.
You hit Natasha but do no damage.
Natasha mumbles some strange words.
Natasha's front paws start to glow.
Natasha claws you.
* * * LOW HITPOINT WARNING * * *
The rat bites you but does no damage.
You hit Natasha but do no damage. Natasha closely misses you.
The rat bites you but does no damage.
You hit Natasha but do no damage. Natasha claws you but does no damage.
The rat barely misses you.
Your ring mail prevents you from hitting Natasha.
Natasha mumbles some strange words.
The rat bites you.
You die...

##.. ......
##...#......
.##(..........
..............
..............
..............
....5.....)# .
...#..h....##..
....#.@.###....
#...r<..#.....
...............
##...).........
#.............
#..............
#.###..........
#. #..........
#..##......


You could see Natasha, a crimson imp and a rat.

Vanquished Creatures
  A gnoll (D:1)
  2 worms (D:2)
  A dart slug (D:1)
  A ball python (D:1)
  2 bats (D:1)
  2 giant cockroaches
  A goblin (D:1)
  4 hobgoblins (D:1)
  2 frilled lizards (D:1)
  2 kobolds (D:1)
  2 rats (D:1)
20 creatures vanquished.

Notes
Turn   | Place    | Note
-------+----------+-------------------------------------------
     0 | Abyss:1  | goulibeur the Demonspawn Abyssal Knight began the quest for the Orb.
     0 | Abyss:1  | Reached XP level 1. HP: 18/18 MP: 2/2
    29 | Abyss:1  | Noticed a wretched star
    29 | D:1      | Escaped the Abyss
   105 | D:1      | Reached skill level 1 in Dodging
   105 | D:1      | Gained mutation: Your flesh is heat resistant. (rF+) [demonic ancestry]
   105 | D:1      | Reached XP level 2. HP: 20/24 MP: 2/4
   110 | D:1      | Reached * piety under Lugonu
   657 | D:1      | Gained mutation: You are slightly more attuned to the shadows. [demonic ancestry]
   657 | D:1      | Reached XP level 3. HP: 29/29 MP: 5/5
   975 | D:2      | Noticed Natasha
  1262 | D:2      | Slain by a rat

Skill      XL: |  1 |
---------------+----+-----
Armour         | 2 |  2.2
Dodging        | 1 |  1.4
Invocations    | 3 |  3.5
Fighting       | |  3.3
Short Blades   | |  1.7

Action                   || total
-------------------------++-------
Melee: Short sword       ||   100
Invok: Depart the Abyss  ||     1
  Eat: Chunk             ||     1
Armor: Leather armour    ||    17
       Ring mail         ||    14
Dodge: Dodged            ||    54
